 Dungeon Crawl Stone Soup version 0.17.1-3-g152610e (webtiles) character file.

715777 Malhgor the Executioner (level 27, -13/267 HPs)
             Began as a Deep Dwarf Hunter on Mar 26, 2016.
             Was the Champion of Makhleb.
             Killed from afar by a Hell Sentinel (32 damage)
             ... with a blast of hellfire
             ... on level 1 of Gehenna on Mar 27, 2016.
             The game lasted 08:54:52 (67453 turns).

Malhgor the Executioner (Deep Dwarf Hunter)        Turns: 67453, Time: 08:54:52

Health: -13/267    AC: 43    Str: 32    XL:     27
Magic:  29/29      EV: 25    Int: 21    God:    Makhleb [******]
Gold:   9347       SH:  0    Dex: 20    Spells: 5 memorised, 26 levels left

rFire  + + +     SeeInvis +     a - +8 battleaxe "Xemukergh" {chop, +Blink SInv Stlth-}
rCold  + + .     Clarity  .     x - +10 plate armour of Dim Light {-Cast rPois rCorr Str+4}
rNeg   + + +     SustAt   .     (shield currently unavailable)
rPois  +         Gourm    .     J - +2 helmet {Int+3}
rElec  +         Spirit   .     k - +2 cloak {MR+}
rCorr  +         Warding  .     Y - +2 pair of gloves {Dex+3}
rMut   +         Stasis   .     w - +0 pair of boots of Gibisaz {rElec rF+ Int+2 Dex+2}
MR     +++++     NoCast   +     A - amulet of Yshruryg {rMut *Drain rF+++ rC+ Dex-2}
Stlth  ..........               K - ring of Mowus {rC+ rN+ Int+3}
                                R - ring of the Snail {rN+ MR+ Dex+4 Stlth+}

@: about to teleport, non-regenerating, almost entirely resistant to hostile
enchantments, extremely unstealthy
A: damage resistance, recharge devices, dopey 1, negative energy resistance 1,
sense surroundings 3, slow regeneration 3, spit poison 1, strong 1, subdued
magic 1
a: Device Recharging, Spit Poison, Minor Destruction, Lesser Servant of Makhleb,
Major Destruction, Greater Servant of Makhleb, Renounce Religion, Evoke Blink
}: 5/15 runes: serpentine, barnacled, slimy, silver, abyssal


You were on level 1 of Gehenna.
You worshipped Makhleb.
Makhleb was exalted by your worship.
You were not hungry.

You visited 14 branches of the dungeon, and saw 61 of its levels.
You visited the Abyss 1 time.
You also visited: Labyrinth and Ice Cave.

You collected 9895 gold pieces.
You spent 548 gold pieces at shops.

Inventory:

Hand Weapons
 a - the +8 battleaxe "Xemukergh" (weapon) {chop, +Blink SInv Stlth-}
   (You took it off a deep elf fighter on level 1 of the Elven Halls)

   It inflicts extra damage upon your enemies.
   It lets you see invisible.
   It lets you blink.
   It makes you less stealthy.
 b - the +9 hand crossbow of Kiasae Xomp {venom, +Fly rF+ rC+}
   (You found it on level 6 of the Pits of Slime)

   It poisons the ammo it fires.
   It protects you from fire.
   It protects you from cold.
   It lets you fly.
Missiles
 d - 1037 bolts
 q - 12 steel bolts
 r - 70 silver bolts
 E - 15 bolts of flame
 M - 31 bolts of penetration
Armour
 k - a +2 cloak of magic resistance (worn)
 w - the +0 pair of boots of Gibisaz (worn) {rElec rF+ Int+2 Dex+2}
   (You found it on level 4 of the Snake Pit)

   It affects your intelligence (+2).
   It affects your dexterity (+2).
   It protects you from fire.
   It insulates you from electricity.
 x - the +10 plate armour of Dim Light (worn) {-Cast rPois rCorr Str+4}
   (You found it on level 1 of the Depths)

   It affects your strength (+4).
   It protects you from poison.
   It prevents spellcasting.
   It protects you from acid and corrosion.
 J - a +2 helmet of intelligence (worn)
 Y - a +2 pair of gloves of dexterity (worn)
Jewellery
 p - an uncursed ring of flight
 A - the amulet of Yshruryg (around neck) {rMut *Drain rF+++ rC+ Dex-2}
   (You found it on level 5 of the Vaults)

   [amulet of resist mutation]

   It protects you from mutation.
   It affects your dexterity (-2).
   It renders you almost immune to fire.
   It protects you from cold.
   It causes draining when unequipped.
 K - the ring of Mowus (right hand) {rC+ rN+ Int+3}
   (You found it on level 5 of the Vaults)

   [ring of positive energy]

   It affects your intelligence (+3).
   It protects you from cold.
   It protects you from negative energy.
 R - the ring of the Snail (left hand) {rN+ MR+ Dex+4 Stlth+}
   (You found it on level 3 of the Elven Halls)

   [ring of positive energy]

   It affects your dexterity (+4).
   It protects you from negative energy.
   It affects your resistance to hostile enchantments.
   It makes you more stealthy.
Wands
 g - a wand of heal wounds (1)
 o - a wand of fireball (12)
 t - a wand of digging (8)
 z - a wand of disintegration (1)
 B - a wand of hasting (5)
 Q - a wand of teleportation (0)
Scrolls
 m - 8 scrolls of recharging
 v - 11 scrolls of blinking
 C - a scroll of identify
 X - 12 scrolls of magic mapping
Potions
 i - 22 potions of curing
 s - 3 potions of resistance
 u - 5 potions of berserk rage
 I - 10 potions of heal wounds
 T - 3 potions of cancellation
 Z - a potion of cure mutation
Comestibles
 c - 3 chunks of flesh
 f - 25 bread rations


   Skills:
 + Level 19.7 Fighting
 + Level 25.2 Axes
 + Level 21.7 Crossbows
 + Level 21.4 Armour
 + Level 20.7 Dodging
 - Level 1.2 Stealth
   Level 5.0 Shields
 - Level 4.3 Spellcasting
 - Level 3.4 Translocations
 - Level 2.0 Air Magic
 + Level 17.1 Invocations
 + Level 18.8 Evocations


You had 26 spell levels left.
You knew the following spells:

 Your Spells              Type           Power        Failure   Level  Hunger
a - Repel Missiles        Chrm/Air       #.....       24%         2    #......
b - Swiftness             Chrm/Air       #.......     24%         2    #......
c - Blink                 Tloc           N/A          7%          2    #......
d - Summon Butterflies    Summ           #.......     24%         1    None
e - Apportation           Tloc           ##........   5%          1    None


Dungeon Overview and Level Annotations

Branches:
Dungeon (15/15)            Temple (1/1) D:5            Lair (8/8) D:9
 Shoals (4/4) Lair:4        Snake (4/4) Lair:3        Slime (6/6) Lair:6
    Orc (4/4) D:10            Elf (3/3) Orc:4        Vaults (5/5) D:13
  Crypt (3/3) Vaults:2       Tomb (1/3) Crypt:3      Depths (5/5) D:15
   Hell (1/1)                 Dis (0/7) Hell            Geh (1/7) Hell
    Coc (0/7) Hell            Tar (0/7) Hell            Zot (0/5) Depths:5

Altars:
Ashenzari
Cheibriados
Dithmenos
Elyvilon
Fedhas
Gozag
Kikubaaqudgha
Makhleb
Nemelex Xobeh
Okawaru
Qazlal
Ru
Sif Muna
Trog
Vehumet
Xom
Yredelemnul
Zin
The Shining One
Beogh
Jiyva

Shops:
D:7 %   D:11 (   D:14 [   Orc:1 !   Orc:2 [   Orc:4 =}%:   Elf:2 :   Shoals:2 }
Shoals:4 *[[*   Vaults:2 (   Depths:2 *   Depths:5 [:![

Portals:
Hell: Depths:1 Depths:2 Depths:3 Depths:4 Depths:5
Abyss: Depths:4
Pandemonium: Depths:3 Depths:5
Ziggurat: Depths:3

Annotations:
D:1 Done
D:2 Done
D:3 Done
D:4 Done
D:5 Done, nublet's ghost, novice OgBe
D:6 Done
D:7 Done
D:8 Done
D:9 Done
D:10 Done
D:11 Done
D:12 Done
D:13 Done
D:14 Done
D:15 Done
Lair:1 Done
Lair:2 Done - Stash
Lair:3 Done
Lair:4 Done
Lair:5 Done
Lair:6 Done - food, exclusion: oklob plant
Lair:7 Done
Lair:8 Done
Shoals:1 Done
Shoals:2 Done
Shoals:3 Done
Shoals:4 Done
Snake:1 Done
Snake:2 Done
Snake:3 Done
Snake:4 Done
Slime:1 Done
Slime:2 Done
Slime:3 Done
Slime:4 Done
Slime:5 Done
Slime:6 Done
Orc:1 Done
Orc:2 Done
Orc:3 Done
Orc:4 Done
Elf:1 Done
Elf:2 Done
Elf:3 Done
Vaults:1 Done
Vaults:2 Done
Vaults:3 Done
Vaults:4 Done
Crypt:1 Done
Crypt:2 Done
Crypt:3 Done
Depths:1 Done
Depths:2 Done
Depths:3 Done
Depths:4 Done
Depths:5 Done
Hell Done


Innate Abilities, Weirdness & Mutations

You are resistant to damage.
You can recharge devices by infusing magical energy.
You resist negative energy.
You passively map a large area around you.
You do not regenerate naturally.
You are dopey. (Int -2)
You can spit weak poison.
Your muscles are strong. (Str +2)
Your spells are a little easier to cast, but a little less powerful.


Message History

You hear a shout!
The Hell Sentinel stops burning.
The Hell Sentinel gestures at you.
The hellfire explodes!
The blast of hellfire engulfs your blizzard demon.
The blast of hellfire engulfs the Hell Sentinel.
The Hell Sentinel completely resists.
Your blizzard demon hits the Hell Sentinel!
Your blizzard demon hits the Hell Sentinel.
You hear a hideous shriek!
Evoke which item? (* to show all) (? for menu, Esc to quit)
Zapping:
Q - a wand of teleportation (1)
Press: ? - help, Shift-Dir - straight line, f - you You feel strangely unstable.
This wand has 0 charges left.
The Hell Sentinel hits your blizzard demon.
The Hell Sentinel hits your blizzard demon!
Your blizzard demon dies!
The Hell Sentinel gestures at you.
The hellfire explodes!
The blast of hellfire engulfs you!
You die...

#.#.#, .p>.pz#.# *
#.#.##.#) #.#.#
.z.1.z'.#
#...##### * #.#.#
*, >...#z#, #####
##. #.#.##
,5...#z# , #.. ,
#.##W###,,.2.##1#,
, #.. *
##.##W.###p###.##,
* #.. , *
##.###222z.##.# *
#.. ,
,##..#######.##,
##. , *
###))....@##,* ,*
## ** * #########
,** ,, , , , , ,
,, * ** **,* , ,
,, * * * * * ** *
*


You could see a Hell Sentinel and a flying skull.

Vanquished Creatures
  the royal jelly (Slime:6)
  An ancient lich (Vaults:5)
  Mara (Crypt:3)
  A juggernaut (Depths:4)
  A greater mummy (Tomb:1)
  Boris (Crypt:3)
  Frederick (Vaults:4)
  Margery (Depths:4)
  Norris (Elf:3)
  Saint Roka (Vaults:4)
  Geryon (Hell)
  Jory (Depths:4)
  6 golden dragons
  5 bone dragons
  2 Brimstone Fiends (Geh:1)
  A hellephant (Hell)
  Jorgrun (Shoals:3)
  11 liches
  Rupert (D:14)
  9 tentacled monstrosities
  30 acid blobs
  2 deep elf blademasters
  5 titans
  3 deep elf master archers (Elf:3)
  2 quicksilver dragons (Depths:4)
  10 sphinxes
  An Executioner (Abyss:3)
  Polyphemus (Shoals:2)
  A kraken (Abyss:5)
  8 ancient champions
  11 tengu reavers
  Agnes (Elf:2)
  Frances (D:14)
  6 tentacled starspawn
  6 shadow dragons
  5 greater nagas
  A draconian monk (Depths:5)
  3 storm dragons (Vaults:5)
  19 azure jellies
  11 fire giants
  Ilsuiw (Shoals:4)
  A daeva (Abyss:2)
  Wiglaf (Vaults:4)
  6 revenants
  Donald (Shoals:2)
  Maud (D:12)
  A draconian scorcher (Depths:5)
  16 vault wardens
  An orc warlord (Vaults:4)
  Aizul (Shoals:2)
  18 frost giants
  11 deep elf sorcerers
  6 balrugs
  2 curse skulls
  14 ironheart preservers
  7 reapers
  A ghost moth (shapeshifter) (Depths:3)
  3 angels (Abyss:5)
  A draconian annihilator (Depths:5)
  4 cacodemons
  20 stone giants
  14 deep elf demonologists
  10 very ugly things
  4 war gargoyles
  3 salamander firebrands (Hell)
  2 bennus (Tomb:1)
  2 ophanim (Abyss:5)
  A green draconian (Depths:5)
  2 salamander stormcallers
  8 vampire knights
  10 deep elf annihilators
  A black draconian (Depths:5)
  Azrael (D:14)
  A red draconian (Depths:5)
  A mottled draconian (Depths:5)
  A purple draconian (Depths:4)
  A yellow draconian (Abyss:2)
  5 merfolk javelineers (Shoals:4)
  19 fire dragons
  2 mummy priests
  10 deep elf death magi
  2 eidola
  15 merfolk impalers
  16 great orbs of eyes
  14 death oozes
  2 blizzard demons
  8 deep elf high priests
  23 yaktaur captains
  A hydra (shapeshifter) (Vaults:5)
  A minotaur (Lab)
  2 quicksilver dragon zombies (Geh:1)
  38 vault guards
  2 kraken zombies (Hell)
  19 ettins
  8 ice dragons
  An ice dragon (shapeshifter) (Vaults:2)
  A quicksilver dragon skeleton (Crypt:1)
  20 jiangshi
  5 hydras
  20 naga warriors
  4 entropy weavers
  3 rakshasas
  A death knight (Crypt:3)
  2 spriggan air magi
  11 centaur warriors
  7 merfolk avatars
  7 anacondas
  Erica (Lair:2)
  16 dancing weapons (Elf:2)
  The ghost of kaze the Fighter, a journeyman GrBe of Trog (D:12)
  4 catoblepae
  A ghost crab (shapeshifter) (Depths:4)
  2 satyrs
  3 merfolk aquamancers (Shoals:4)
  9 vampire magi
  6 tengu warriors
  5 death yaks
  A queen ant (Lair:7)
  5 spriggan berserkers
  An orc high priest (Elf:3)
  10 deep troll earth magi
  2 titan zombies (Geh:1)
  9 hell hogs
  6 shock serpents
  22 ogre magi
  5 soul eaters
  8 deep troll shamans
  The ghost of emiel the Covert, a journeyman SpAK of Lugonu (D:15)
  10 naga sharpshooters
  9 sun demons
  8 thrashing horrors
  22 deep elf knights
  30 hell knights
  7 iron trolls
  18 small abominations
  A fire crab (Lair:7)
  5 wretched stars
  3 titan skeletons
  33 deep trolls
  2 spriggans (Depths:4)
  2 salamander mystics (Snake:4)
  80 skeletal warriors
  4 ice devils (Hell)
  A ghost moth zombie (Crypt:3)
  A quicksilver dragon simulacrum (Crypt:1)
  12 sea snakes
  A sea snake (shapeshifter) (Vaults:5)
  6 shadow wraiths
  An unseen horror (shapeshifter) (Vaults:1)
  10 deep elf summoners
  3 flayed ghosts
  2 cherubim (Abyss:5)
  4 harpies (Shoals:4)
  5 wizards
  An orange crystal statue (Shoals:1)
  11 hill giants
  A tengu zombie (Vaults:4)
  2 naga ritualists
  Pikel (D:7)
  3 giant orange brains
  2 golden dragon skeletons
  11 ironbrand convokers
  A hill giant (shapeshifter) (Vaults:5)
  16 phantasmal warriors
  12 griffons
  An anaconda skeleton (Crypt:3)
  2 unseen horrors
  23 necromancers
  18 orc knights
  An iron dragon zombie (Geh:1)
  A tengu skeleton (Vaults:2)
  4 mana vipers
  A cyclops (shapeshifter) (Elf:2)
  2 fire giant zombies
  11 cyclopes
  15 fauns
  17 deep elf conjurers
  9 orc sorcerers
  2 stone giant zombies
  8 shining eyes
  36 ugly things
  6 worldbinders
  11 water nymphs
  13 manticores
  An orb spider (shapeshifter) (Vaults:1)
  4 wolf spiders
  A sphinx skeleton (Vaults:2)
  2 fauns (shapeshifter)
  A salamander (shapeshifter) (Vaults:4)
  An iron dragon skeleton (Crypt:3)
  4 sixfirhies
  2 eyes of devastation (Slime:3)
  8 salamanders
  15 elephants
  Maurice (Orc:2)
  7 human skeletons
  3 frost giant skeletons (Crypt:3)
  3 apocalypse crabs
  5 guardian serpents
  6 fire giant skeletons
  An alligator snapping turtle zombie (Crypt:2)
  6 sirens
  2 stone giant skeletons
  5 hellions (Geh:1)
  3 ice statues
  2 octopodes (shapeshifter)
  Psyche (D:8)
  14 vault sentinels
  A black mamba (shapeshifter) (Vaults:5)
  5 orange demons
  7 smoke demons
  A torpor snail (shapeshifter) (Vaults:5)
  An eye of devastation (shapeshifter) (Vaults:5)
  16 naga magi
  A storm dragon simulacrum (Crypt:1)
  19 black mambas
  A catoblepas zombie (Crypt:2)
  9 komodo dragons
  A yaktaur zombie (Vaults:4)
  48 yaktaurs
  3 fire drakes
  5 gargoyles
  17 spiny frogs
  5 trolls
  2 tengu conjurers
  18 deep elf priests
  A grey draconian skeleton (Crypt:2)
  2 tormentors (Geh:1)
  An anaconda simulacrum (Hell)
  9 ancient zymes
  9 red devils
  A harpy zombie (D:15)
  4 yaktaur skeletons (Vaults:2)
  3 hellwings
  2 jumping spiders
  An efreet (Abyss:2)
  4 guardian mummies (Tomb:1)
  A queen bee (Lair:1)
  2 demonic crawlers
  A merfolk (shapeshifter) (Vaults:2)
  5 kobold demonologists
  3 blue devils (Hell)
  An iron troll skeleton (Crypt:3)
  A hydra zombie (Hell)
  6 freezing wraiths
  A sphinx simulacrum (Vaults:2)
  39 merfolk
  152 slime creatures
  A polar bear (shapeshifter) (Depths:5)
  11 polar bears (IceCv)
  A queen bee (shapeshifter) (Abyss:2)
  A wind drake (shapeshifter) (Vaults:2)
  4 hydra skeletons
  A minotaur skeleton (Crypt:3)
  24 raiju
  A guardian serpent zombie (Crypt:3)
  A frost giant simulacrum (Vaults:2)
  6 snapping turtles
  16 blink frogs
  A jumping spider zombie (Crypt:1)
  5 boulder beetles
  A raiju (shapeshifter) (Depths:2)
  An ushabti (Tomb:1)
  A satyr zombie (Crypt:2)
  An ettin zombie (Vaults:4)
  A moth of wrath zombie (Crypt:1)
  25 flying skulls
  19 large abominations
  13 redbacks
  29 deep elf magi
  6 water elementals
  3 air elementals (Depths:5)
  35 two-headed ogres
  22 starcursed masses
  2 alligator skeletons
  5 ettin skeletons
  A fire dragon skeleton (Geh:1)
  6 shadows
  A spriggan skeleton (Depths:2)
  A wyvern (shapeshifter) (Depths:3)
  A dire elephant simulacrum (Abyss:5)
  5 chaos spawn
  5 fire elementals
  A tarantella (Depths:2)
  3 vampires
  A human (shapeshifter) (Vaults:2)
  2 hungry ghosts
  49 yaks
  A spriggan (shapeshifter) (Elf:3)
  35 deep elf fighters
  11 wraiths
  12 wyverns
  A black mamba skeleton (Geh:1)
  8 golden eyes
  8 basilisks
  3 ynoxinuls
  7 neqoxecs
  A yaktaur simulacrum (Vaults:4)
  16 vampire mosquitoes
  30 wolves
  3 wargs
  17 hippogriffs
  A hill giant skeleton (Crypt:2)
  10 swamp worms (Lair:4)
  20 water moccasins
  54 nagas
  11 porcupines
  2 human simulacra
  4 mottled dragons
  11 hell hounds
  20 soldier ants (Lair:7)
  2 spiny frog zombies (Hell)
  A soldier ant (shapeshifter) (Depths:4)
  2 black bears (D:8)
  2 alligator simulacra
  A human zombie (Vaults:4)
  39 orc warriors
  5 sky beasts
  A snapping turtle zombie (Geh:1)
  An ice beast (D:14)
  A spiny frog skeleton (Hell)
  An elephant zombie (Crypt:2)
  2 eyes of draining (shapeshifter)
  13 eyes of draining
  7 boggarts
  2 phantoms
  A necrophage (D:7)
  A snapping turtle skeleton (Geh:1)
  A manticore skeleton (Crypt:3)
  A torpor snail zombie (Crypt:1)
  4 wasps
  An anubis guard skeleton (Crypt:3)
  28 centaurs
  A swamp dragon skeleton (Geh:1)
  18 crocodiles
  19 giant frogs
  2 orc skeletons
  100 ogres
  3 big kobolds
  A brain worm (D:13)
  A komodo dragon skeleton (Crypt:1)
  2 wyvern skeletons (D:9)
  6 scorpions
  A warg zombie (Crypt:1)
  35 killer bees
  2 elf skeletons (Vaults:2)
  14 wights
  A snapping turtle simulacrum (Crypt:1)
  5 electric eels
  2 iron imps
  4 quasits
  3 centaur zombies
  2 hounds
  A wolf zombie (Crypt:2)
  9 crimson imps
  A basilisk zombie (Lair:5)
  31 jellies
  Ijyb (D:3)
  2 giant frog zombies
  22 orc priests
  2 giant frog skeletons
  21 orc wizards
  7 centaur skeletons
  30 worker ants
  Natasha (D:3)
  10 iguanas
  An elf simulacrum (Vaults:3)
  A killer bee zombie (D:11)
  6 sheep
  A crocodile zombie (Lair:5)
  A hound zombie (Crypt:3)
  A hound skeleton (D:7)
  9 mummies (Tomb:1)
  9 gnolls
  2 worker ant zombies (D:6)
  14 adders
  12 white imps (Lair:1)
  47 river rats
  5 shadow imps
  6 oozes
  An adder skeleton (D:6)
  An adder zombie (D:6)
  12 worms
  3 giant geckos
  142 orcs
  4 giant cockroaches (D:2)
  4 goblins
  9 hobgoblins
  9 jackals
  6 quokkas
  A ball python (D:1)
  A ball python skeleton (D:6)
  7 bats
  10 giant newts
  A goblin skeleton (Crypt:2)
  A goblin zombie (Crypt:3)
  22 kobolds
  5 rats
  6 crawling corpses
  14 fungi
  2 lurking horrors
  4 plants
  7 starspawn tentacles
  8 tentacles
  A tentacle segment (Hell)
3242 creatures vanquished.

Vanquished Creatures (others)
  An ancient lich (Crypt:3)
  An eldritch tentacle (Vaults:5)
  A dancing weapon (Elf:2)
  A satyr (Shoals:2)
  An ice devil (Hell)
  A red devil (Hell)
  3 polar bears (IceCv)
  A raiju (Abyss:5)
  A large abomination (Abyss:5)
  A vampire (Geh:1)
  3 yaks (IceCv)
  2 wolves (IceCv)
  A hungry ghost (D:7)
  A naga (Snake:3)
  A sky beast (D:7)
  A phantom (D:5)
  3 orcs
  A jackal (D:7)
  45 eldritch tentacle segments (Vaults:5)
  10 fungi
  6 lost souls
  19 plants
  8 starspawn tentacles
  72 starspawn tentacle segments
  9 tentacles
  237 tentacle segments
431 creatures vanquished.

Grand Total: 3673 creatures vanquished

Notes
Turn   | Place    | Note
--------------------------------------------------------------
     0 | D:1      | Malhgor the Deep Dwarf Hunter began the quest for the Orb.
     0 | D:1      | Reached XP level 1. HP: 19/19 MP: 1/1
   190 | D:1      | Reached skill level 1 in Evocations
   241 | D:1      | Reached XP level 2. HP: 21/26 MP: 2/2
   332 | D:1      | Reached skill level 1 in Armour
   693 | D:2      | Reached XP level 3. HP: 13/32 MP: 4/4
  1178 | D:2      | Reached XP level 4. HP: 27/40 MP: 5/5
  1446 | D:3      | Noticed Ijyb
  1487 | D:3      | Killed Ijyb
  1727 | D:4      | Reached XP level 5. HP: 22/49 MP: 7/7
  1740 | D:4      | Found an ancient bone altar of Kikubaaqudgha.
  1771 | D:3      | Noticed Natasha
  1786 | D:3      | Killed Natasha
  2737 | D:4      | Found a snail-covered altar of Cheibriados.
  2781 | D:5      | Entered Level 5 of the Dungeon
  2818 | D:4      | Reached XP level 6. HP: 16/56 MP: 8/8
  3199 | D:4      | Found a shadowy altar of Dithmenos.
  3523 | D:5      | Noticed a sky beast
  3537 | D:5      | HP: 2/57 [sky beast (4)]
  3577 | D:5      | Killed a sky beast
  3577 | D:5      | Reached skill level 5 in Evocations
  3631 | D:5      | Found a radiant altar of Vehumet.
  3672 | D:5      | Found a staircase to the Ecumenical Temple.
  3700 | D:5      | Reached XP level 7. HP: 31/64 MP: 8/8
  3705 | Temple   | Entered the Ecumenical Temple
  3729 | Temple   | Became a worshipper of Makhleb the Destroyer
  4062 | D:6      | Reached skill level 5 in Armour
  4062 | D:6      | Reached skill level 6 in Evocations
  4070 | D:5      | Noticed a sky beast
  4116 | D:5      | HP: 3/66 [iguana (4)]
  4121 | D:5      | Killed a sky beast
  4124 | D:5      | Reached skill level 5 in Fighting
  4156 | D:5      | Found a shattered altar of Ashenzari.
  4222 | D:5      | Noticed nublet's ghost (novice OgBe)
  4309 | D:6      | Reached skill level 1 in Invocations
  4309 | D:6      | Reached XP level 8. HP: 17/74 MP: 9/9
  4684 | D:6      | Found a burning altar of Makhleb.
  5326 | D:5      | HP: 2/74 [nublet's ghost (26)]
  5383 | D:7      | Found Qiamicw's Food Shoppe.
  5416 | D:7      | Found a basalt altar of Yredelemnul.
  5515 | D:7      | Reached * piety under Makhleb
  5525 | D:7      | Reached skill level 5 in Axes
  5536 | D:7      | Found a glowing golden altar of the Shining One.
  5550 | D:7      | Found a glowing silver altar of Zin.
  5808 | D:7      | Noticed Pikel
  5818 | D:7      | Killed Pikel
  5818 | D:7      | Reached skill level 8 in Axes
  5818 | D:7      | Gained mutation: You passively map the area around you. [Deep Dwarf growth]
  5818 | D:7      | Reached XP level 9. HP: 45/81 MP: 8/8
  5848 | D:7      | Found a basalt altar of Yredelemnul.
  6130 | D:7      | Identified 2 scrolls of acquirement
  6297 | D:7      | Noticed a gargoyle
  6310 | D:7      | Killed a gargoyle
  6310 | D:7      | Reached skill level 9 in Axes
  6353 | D:7      | Got a jewelled crystal plate armour
  6364 | D:7      | Identified the +9 crystal plate armour of the Gloaming {rElec rF+} (You acquired it on level 7 of the Dungeon)
  6674 | D:8      | Noticed Psyche
  6695 | D:8      | Paralysed by something for 3 turns
  6704 | D:8      | Killed Psyche
  6704 | D:8      | Reached skill level 10 in Axes
  7367 | D:9      | Found a staircase to the Lair.
  7389 | D:9      | Reached ** piety under Makhleb
  7389 | D:9      | Reached skill level 11 in Axes
  7394 | D:9      | Reached XP level 10. HP: 73/91 MP: 9/9
  7437 | Lair:1   | Entered Level 1 of the Lair of Beasts
  7540 | Lair:1   | Found a frozen archway.
  7572 | IceCv    | Entered an ice cave
  7579 | IceCv    | Reached skill level 12 in Axes
  7716 | IceCv    | Reached *** piety under Makhleb
  7716 | IceCv    | Reached skill level 13 in Axes
  7790 | IceCv    | Reached XP level 11. HP: 63/102 MP: 9/9
  7877 | IceCv    | Reached skill level 14 in Axes
  7967 | IceCv    | Reached **** piety under Makhleb
  8035 | IceCv    | Noticed a death yak
  8035 | IceCv    | Noticed a frost giant
  8056 | IceCv    | Killed a frost giant
  8061 | IceCv    | Killed a death yak
  8070 | IceCv    | Reached skill level 15 in Axes
  8557 | Lair:1   | Reached ***** piety under Makhleb
  8639 | Lair:1   | Reached XP level 12. HP: 61/115 MP: 10/10
  9063 | Lair:2   | Found a labyrinth entrance.
  9071 | Lab      | Entered a labyrinth
  9376 | Lab      | Noticed a minotaur
  9380 | Lab      | Killed a minotaur
  9386 | Lab      | Identified Wuorr's Advanced Steps in Wizardry
  9386 | Lab      | Identified Sif Muna's Catalogue of Orientation and Slavery
  9529 | Lair:2   | Noticed Erica
  9537 | Lair:2   | Killed Erica
  9537 | Lair:2   | Reached skill level 5 in Crossbows
  9640 | Lair:2   | Reached skill level 16 in Axes
 10806 | D:9      | Found a sacrificial altar of Ru.
 11010 | D:9      | Reached ****** piety under Makhleb
 11026 | D:10     | Entered Level 10 of the Dungeon
 11038 | D:9      | Got a steaming mace
 11039 | D:9      | Identified the cursed +0 mace of the Many Ghosts {speed, MP+9 Str+3 Int-5 SInv} (You found it on level 9 of the Dungeon)
 11317 | D:10     | Found a staircase to the Orcish Mines.
 11445 | Orc:1    | Entered Level 1 of the Orcish Mines
 11538 | Orc:2    | Found a roughly hewn altar of Beogh.
 11538 | Orc:2    | Found Dejac's Antique Armour Emporium.
 11693 | Orc:1    | Found a roughly hewn altar of Beogh.
 11859 | Orc:1    | Found Josim's Distillery.
 11892 | Orc:1    | Reached skill level 10 in Fighting
 11908 | Orc:1    | Bought 2 potions of might for 136 gold pieces
 11918 | Orc:1    | Found a roughly hewn altar of Beogh.
 12217 | Orc:2    | Noticed Maurice
 12251 | Orc:2    | Killed Maurice
 12329 | Orc:3    | Found a roughly hewn altar of Beogh.
 12895 | Orc:4    | Entered Level 4 of the Orcish Mines
 13387 | Orc:4    | Found a staircase to the Elven Halls.
 13404 | Orc:4    | Reached XP level 13. HP: 123/123 MP: 12/12
 13409 | Orc:4    | Noticed an ogre mage
 13409 | Orc:4    | Reached skill level 5 in Invocations
 13422 | Orc:4    | Killed an ogre mage
 13443 | Orc:4    | Noticed an ogre mage
 13449 | Orc:4    | Found Ihehicag's Gadget Shoppe.
 13449 | Orc:4    | Found Eqymuc's Book Boutique.
 13449 | Orc:4    | Noticed an ogre mage
 13457 | Orc:4    | Killed an ogre mage
 13462 | Orc:4    | Killed an ogre mage
 13469 | Orc:4    | Found Wyzu's Jewellery Shop.
 13469 | Orc:4    | Found Efepp's Food Shoppe.
 13595 | Orc:4    | Bought an uncursed ring of see invisible for 210 gold pieces
 13867 | Elf:1    | Entered Level 1 of the Elven Halls
 14027 | D:10     | Reached skill level 17 in Axes
 14786 | D:11     | Found Rajiecwel's Weapon Boutique.
 14858 | D:11     | Found an iron altar of Okawaru.
 15574 | D:12     | Noticed kaze's ghost (journeyman GrBe)
 15584 | D:12     | Reached skill level 1 in Shields
 15590 | D:12     | Killed kaze's ghost
 15891 | D:12     | Noticed Maud
 15905 | D:12     | Killed Maud
 15905 | D:12     | Gained mutation: You resist negative energy. [Deep Dwarf growth]
 15905 | D:12     | Reached XP level 14. HP: 59/133 MP: 14/14
 16037 | D:12     | Got a bloodstained war axe {flame}
 16038 | D:12     | Identified the cursed +0 war axe of Starshine {flame, -Tele MR+ MP+9 Int+4} (You took it off a centaur on level 12 of the Dungeon)
 16046 | D:12     | Reached skill level 10 in Evocations
 16899 | Lair:3   | Found a staircase to the Snake Pit.
 17779 | Lair:4   | Found a staircase to the Shoals.
 18702 | Lair:5   | Reached skill level 5 in Dodging
 19652 | Lair:6   | Found a blossoming altar of Fedhas.
 20295 | Lair:6   | Found a viscous altar of Jiyva.
 20295 | Lair:6   | Found a staircase to the Slime Pits.
 20321 | Slime:1  | Entered Level 1 of the Pits of Slime
 20321 | Slime:1  | Noticed an acid blob
 20913 | Lair:7   | Reached XP level 15. HP: 142/142 MP: 15/15
 20929 | Lair:7   | Reached skill level 18 in Axes
 20974 | Lair:8   | Entered Level 8 of the Lair of Beasts
 22116 | Lair:8   | Reached skill level 5 in Shields
 22353 | Lair:8   | Reached skill level 10 in Invocations
 22724 | Snake:1  | Entered Level 1 of the Snake Pit
 22964 | Snake:2  | Noticed a greater naga
 23237 | Snake:2  | Killed a greater naga
 24052 | Snake:2  | Reached skill level 10 in Crossbows
 24052 | Snake:2  | Reached skill level 10 in Armour
 24234 | Snake:3  | Noticed a greater naga
 24245 | Snake:3  | Killed a greater naga
 24654 | Snake:3  | Reached XP level 16. HP: 142/152 MP: 17/17
 24861 | Snake:3  | Got a crystal battleaxe
 24862 | Snake:3  | Identified the +9 battleaxe "Pendulum" {flame, rElec} (You found it on level 3 of the Snake Pit)
 24934 | Snake:4  | Entered Level 4 of the Snake Pit
 25569 | Snake:4  | Reached skill level 19 in Axes
 25963 | Snake:4  | Got a pair of ichor-stained boots
 25974 | Snake:4  | Identified the +0 pair of boots of Gibisaz {rElec rF+ Int+2 Dex+2} (You found it on level 4 of the Snake Pit)
 26777 | Snake:4  | Got a serpentine rune of Zot
 27166 | Lair:2   | Gained mutation: Your muscles are strong. (Str +2) [potion of beneficial mutation]
 27238 | Shoals:1 | Entered Level 1 of the Shoals
 27876 | Shoals:1 | Reached XP level 17. HP: 162/162 MP: 10/19
 27972 | Shoals:2 | Noticed Aizul
 27997 | Shoals:2 | Killed Aizul
 28014 | Shoals:2 | Found Qenu's Gadget Shoppe.
 28355 | Shoals:2 | Noticed Donald
 28364 | Shoals:2 | Noticed Polyphemus
 28385 | Shoals:2 | Killed Polyphemus
 28395 | Shoals:2 | Killed Donald
 28971 | Shoals:3 | Noticed Jorgrun
 28978 | Shoals:3 | Killed Jorgrun
 29021 | Shoals:3 | Reached skill level 20 in Axes
 29405 | Shoals:4 | Entered Level 4 of the Shoals
 29498 | Shoals:4 | Noticed Ilsuiw
 29514 | Shoals:4 | Killed Ilsuiw
 29570 | Shoals:4 | Learned a level 2 spell: Repel Missiles
 29708 | Shoals:4 | Reached skill level 10 in Dodging
 30395 | Shoals:4 | Got a barnacled rune of Zot
 30416 | Shoals:4 | Found Qeawiu's Antique Armour Shop.
 30424 | Shoals:4 | Found Liufuec's Assorted Antiques.
 30499 | Shoals:4 | Gained mutation: You passively map a large area around you. [Deep Dwarf growth]
 30499 | Shoals:4 | Reached XP level 18. HP: 170/170 MP: 21/21
 30624 | Shoals:4 | Found Liskaill's Armour Shoppe.
 30636 | Shoals:4 | Reached skill level 1 in Air Magic
 30703 | Shoals:4 | Reached skill level 1 in Spellcasting
 30795 | Shoals:4 | Found Sivvic's General Store.
 31830 | D:13     | Got a pair of shimmering gloves
 31841 | D:13     | Identified the +0 pair of gloves of Kleptomania {Regen+ Dex+2 Stlth+} (You found it on level 13 of the Dungeon)
 32058 | D:13     | Found a gate to the Vaults.
 32586 | D:14     | Noticed Rupert
 32599 | D:14     | Killed Rupert
 32686 | D:15     | Entered Level 15 of the Dungeon
 32771 | D:14     | Noticed Frances
 32785 | D:14     | Killed Frances
 32864 | D:14     | Noticed Azrael
 32883 | D:14     | Killed Azrael
 32959 | D:14     | Found Ubrualois's Armour Shoppe.
 32962 | D:14     | Bought a +1 cloak of poison resistance for 202 gold pieces
 33098 | D:15     | Found a shattered altar of Ashenzari.
 33732 | D:15     | Noticed emiel's ghost (journeyman SpAK)
 33744 | D:15     | Killed emiel's ghost
 33803 | D:15     | Found a staircase to the Depths.
 35020 | Vaults:1 | Entered Level 1 of the Vaults
 35690 | Vaults:1 | Reached XP level 19. HP: 180/180 MP: 22/22
 36705 | Vaults:2 | Found a staircase to the Crypt.
 37229 | Vaults:2 | Found Nedosh's Weapon Shoppe.
 37884 | Vaults:2 | Reached skill level 15 in Crossbows
 38202 | Vaults:3 | Reached XP level 20. HP: 192/192 MP: 23/23
 39014 | Vaults:4 | Noticed Saint Roka
 39029 | Vaults:4 | Killed Saint Roka
 40270 | Vaults:5 | Entered Level 5 of the Vaults
 40270 | Vaults:5 | Noticed a golden dragon
 40287 | Vaults:4 | Reached skill level 15 in Armour
 40320 | Vaults:4 | Killed a golden dragon
 40347 | Vaults:5 | Reached skill level 15 in Fighting
 40395 | Vaults:5 | Reached skill level 21 in Axes
 40410 | Vaults:5 | Noticed an ancient lich
 40434 | Vaults:5 | Killed an ancient lich
 40434 | Vaults:5 | Reached XP level 21. HP: 162/201 MP: 24/24
 40714 | Vaults:5 | Noticed a golden dragon
 40727 | Vaults:5 | Killed a golden dragon
 40900 | Vaults:5 | Noticed a golden dragon
 40919 | Vaults:5 | Killed a golden dragon
 41047 | Vaults:5 | Identified Jatotyn's Papyrus of Aid and Weightlessness (You found it on level 5 of the Vaults)
 41280 | Vaults:4 | Got a pair of distressingly furry boots
 41285 | Vaults:4 | Identified the -2 pair of boots "Hoyfel" {rPois rCorr} (You found it on level 4 of the Vaults)
 41327 | Vaults:4 | Found a roughly hewn altar of Beogh.
 42500 | Vaults:4 | Noticed Wiglaf
 42513 | Vaults:4 | Killed Wiglaf
 42513 | Vaults:4 | Reached skill level 15 in Dodging
 42681 | Vaults:4 | Noticed Frederick
 42695 | Vaults:4 | Killed Frederick
 42695 | Vaults:4 | Reached XP level 22. HP: 189/212 MP: 25/25
 43446 | Elf:1    | Noticed a deep elf demonologist
 43453 | Elf:1    | Killed a deep elf demonologist
 43653 | Elf:1    | Noticed a deep elf demonologist
 43658 | Elf:1    | Killed a deep elf demonologist
 43699 | Elf:1    | Noticed a deep elf sorcerer
 43706 | Elf:1    | Killed a deep elf sorcerer
 43800 | Elf:1    | Got a bloodstained battleaxe {chop}
 43801 | Elf:1    | Identified the +8 battleaxe "Xemukergh" {chop, +Blink SInv Stlth-} (You took it off a deep elf fighter on level 1 of the Elven Halls)
 44329 | Elf:3    | Entered Level 3 of the Elven Halls
 44415 | Elf:3    | Noticed Norris
 44430 | Elf:3    | Killed Norris
 44902 | Elf:2    | Found Amyok's Book Boutique.
 45030 | Elf:2    | Found a runed gate.
 45030 | Elf:2    | Found a runed gate.
 45031 | Elf:2    | Found a runed gate.
 45480 | Elf:2    | Noticed Agnes
 45493 | Elf:2    | Killed Agnes
 46116 | Elf:3    | Reached skill level 22 in Axes
 46191 | Elf:3    | HP: 4/213 [deep elf sorcerer/blast of hellfire (22)]
 46200 | Elf:3    | HP: 7/213 [ghostly deep elf master archer/arrow (5)]
 46516 | Elf:3    | Gained mutation: Your spells are a little easier to cast, but a little less powerful. [a cacodemon]
 46601 | Elf:3    | Got a coiled jade ring
 46640 | Elf:3    | Identified the ring of the Snail {rN+ MR+ Dex+4 Stlth+} (You found it on level 3 of the Elven Halls)
 46651 | Elf:3    | Got an encrusted hand axe
 46718 | Elf:3    | Got an encrusted battleaxe {pain}
 46836 | Elf:3    | Got an ancient battleaxe
 46844 | Elf:3    | Identified the Compendium of Darkness (You found it on level 3 of the Elven Halls)
 46858 | Elf:3    | Identified the +3 battleaxe "Lug Kyn" {chop, rC+ Str-2 Dex+2} (You found it on level 3 of the Elven Halls)
 46859 | Elf:3    | Identified the +5 battleaxe "Fudaxiac" {pain, rC- Int+3 Stlth+} (You took it off a deep elf annihilator on level 3 of the Elven Halls)
 46870 | Elf:3    | Identified Sif Muna's Disquisition on Twisted Combat Magic (You found it on level 3 of the Elven Halls)
 47237 | Lair:2   | Identified the +4 hand axe "Bung" {pain, +Inv MP+9 Str+5 Int-2} (You found it on level 3 of the Elven Halls)
 47718 | Vaults:5 | Identified the Almanac of Unholy Magic
 47783 | Vaults:5 | Reached XP level 23. HP: 222/222 MP: 26/26
 48039 | Vaults:5 | Got a brightly glowing garnet amulet
 48280 | Vaults:5 | Got a silver rune of Zot
 48323 | Vaults:5 | Got a vibrating lead ring
 49027 | Lair:2   | Identified the amulet of Yshruryg {rMut *Drain rF+++ rC+ Dex-2} (You found it on level 5 of the Vaults)
 49029 | Lair:2   | Identified the ring of Mowus {rC+ rN+ Int+3} (You found it on level 5 of the Vaults)
 49376 | Crypt:1  | Entered Level 1 of the Crypt
 50106 | Crypt:3  | Entered Level 3 of the Crypt
 50107 | Crypt:3  | Noticed Mara
 50129 | Crypt:3  | Noticed Malhgor's illusion
 50129 | Crypt:3  | Killed Mara
 50335 | Crypt:3  | Found an ancient bone altar of Kikubaaqudgha.
 50392 | Crypt:3  | Noticed an ancient lich
 50415 | Crypt:3  | Killed an ancient lich
 50707 | Crypt:3  | Reached XP level 24. HP: 234/234 MP: 26/26
 51096 | Crypt:2  | Reached skill level 23 in Axes
 51347 | Crypt:3  | Noticed Boris
 51361 | Crypt:3  | Killed Boris
 51467 | Crypt:3  | Found a staircase to the Tomb.
 52023 | Tomb:1   | Entered Level 1 of the Tomb of the Ancients
 52406 | Tomb:1   | Noticed a greater mummy
 52432 | Tomb:1   | Killed a greater mummy
 52435 | Tomb:1   | Noticed a greater mummy
 52980 | Lair:2   | Learned a level 2 spell: Swiftness
 52983 | Lair:2   | Learned a level 2 spell: Blink
 52985 | Lair:2   | Learned a level 1 spell: Summon Butterflies
 52987 | Lair:2   | Learned a level 1 spell: Apportation
 53202 | Depths:1 | Entered Level 1 of the Depths
 53319 | Depths:1 | Reached skill level 1 in Translocations
 53913 | Depths:1 | Got a warped plate armour
 53919 | Depths:1 | Got a brightly glowing war axe
 53943 | Depths:1 | Identified the +10 plate armour of Dim Light {-Cast rPois rCorr Str+4} (You found it on level 1 of the Depths)
 53943 | Depths:1 | Identified the +2 war axe "Jenitei" {drain, MP+9 Int+2 Dex+8} (You found it on level 1 of the Depths)
 54059 | Depths:1 | Found a gateway to Hell.
 54528 | Depths:2 | You fall through a shaft!
 54590 | Depths:3 | Reached XP level 25. HP: 243/243 MP: 26/26
 54633 | Depths:2 | Found a blossoming altar of Fedhas.
 54868 | Depths:2 | Found Nuax's Blood Bar.
 55372 | Depths:3 | Found a large runed door.
 55376 | Depths:3 | Found a large runed door.
 55381 | Depths:3 | Found a large runed door.
 55386 | Depths:3 | Found a large runed door.
 55495 | Depths:3 | Found a one-way gate leading to the halls of Pandemonium.
 55656 | Depths:3 | Found a gateway to a ziggurat.
 55745 | Depths:3 | Found a large runed door.
 55749 | Depths:3 | Found a large runed door.
 55872 | Depths:3 | Found a large runed door.
 56254 | Depths:2 | Reached skill level 15 in Evocations
 56421 | Depths:3 | Found a large runed door.
 56667 | Depths:4 | Noticed Margery
 56677 | Depths:4 | Killed Margery
 56942 | Depths:4 | Found a one-way gate to the infinite horrors of the Abyss.
 57712 | Slime:1  | Noticed an azure jelly
 57713 | Slime:1  | Killed an acid blob
 57716 | Slime:1  | Killed an azure jelly
 57877 | Slime:1  | Noticed an acid blob
 57877 | Slime:1  | Noticed an azure jelly
 57881 | Slime:1  | Killed an azure jelly
 57888 | Slime:1  | Gained mutation: You are dopey. (Int -2) [a shining eye]
 57894 | Slime:1  | Killed an acid blob
 57974 | Slime:1  | Noticed an acid blob
 57984 | Slime:1  | Killed an acid blob
 57984 | Slime:1  | Reached XP level 26. HP: 240/255 MP: 27/27
 58327 | Slime:2  | Reached skill level 24 in Axes
 59915 | Slime:6  | Entered Level 6 of the Pits of Slime
 59986 | Slime:6  | Noticed the royal jelly
 60889 | Slime:6  | Killed the royal jelly
 60979 | Slime:6  | Identified the Tome of Glacial Combat Magic
 61022 | Slime:6  | Got a slimy hand crossbow
 61031 | Slime:6  | Identified the Grimoire of the Voyage
 61033 | Slime:6  | Got a slimy rune of Zot
 61069 | Slime:6  | Got a glittering amethyst amulet
 61112 | Slime:6  | Got an ichor-stained flail
 61147 | Slime:6  | Got a crystal morningstar
 61149 | Slime:6  | Got a slimy rapier
 61407 | Lair:5   | Identified the amulet of the Augurer {Gourm +Blink rPois rF+ SInv} (You found it on level 6 of the Pits of Slime)
 61408 | Lair:5   | Identified the +9 hand crossbow of Kiasae Xomp {venom, +Fly rF+ rC+} (You found it on level 6 of the Pits of Slime)
 62019 | Depths:4 | Noticed Jory
 62035 | Depths:4 | Killed Jory
 62349 | Depths:4 | Reached skill level 15 in Invocations
 62407 | Depths:4 | Noticed a juggernaut
 62419 | Depths:4 | Killed a juggernaut
 62419 | Depths:4 | Reached XP level 27. HP: 93/262 MP: 28/28
 62455 | Depths:4 | Got a spiked chain mail
 62460 | Depths:4 | Identified the Compendium of Dark Magic and the Rocks
 62467 | Depths:4 | Identified the +4 chain mail "Hamez" {Dex+3} (You found it on level 4 of the Depths)
 62660 | Depths:5 | Entered Level 5 of the Depths
 62670 | Depths:5 | Found Folamp's Armour Boutique.
 62675 | Depths:5 | Found Mujodig's Book Emporium.
 62716 | Depths:5 | Found Zisi's Distillery.
 62729 | Depths:5 | Found Wazat's Armour Shoppe.
 63426 | Depths:5 | Found a gate to the Realm of Zot.
 63716 | Depths:5 | Got an ichor-stained cloak
 63727 | Depths:5 | Identified the +2 cloak of Amorality {rElec rPois Int+2 Dex+4} (You acquired it on level 5 of the Depths)
 63752 | Hell     | Entered the Vestibule of Hell
 63762 | Hell     | Noticed Geryon
 64113 | Hell     | Killed Geryon
 64177 | Hell     | Found a gateway to the ashen valley of Gehenna.
 64220 | Hell     | Found a gateway to the Iron City of Dis.
 64325 | Hell     | Found a gateway to the decaying netherworld of Tartarus.
 64379 | Hell     | Found a gateway to the freezing wastes of Cocytus.
 64791 | Depths:4 | Voluntarily entered the Abyss.
 65473 | Abyss:2  | Gained mutation: You can spit weak poison. [a neqoxec]
 66026 | Abyss:3  | Reached skill level 25 in Axes
 66030 | Abyss:3  | Paralysed by you for 5 turns
 66137 | Abyss:5  | Entered Level 5 of the Abyss
 66166 | Abyss:5  | Found a glowing golden altar of the Shining One.
 66264 | Abyss:5  | Got an abyssal rune of Zot
 66461 | Abyss:5  | Paralysed by accursed screaming for 1 turns
 66759 | Depths:4 | Escaped the Abyss
 66891 | Geh:1    | Entered Level 1 of Gehenna
 67174 | Geh:1    | HP: 11/267 [hellion/burst of hellfire (24)]
 67453 | Geh:1    | Killed from afar by a Hell Sentinel

Action                   |  1- 3 |  4- 6 |  7- 9 | 10-12 | 13-15 | 16-18 | 19-21 | 22-24 | 25-27 || total
-------------------------+-------+-------+-------+-------+-------+-------+-------+-------+-------++-------
Melee: Short sword       |   172 |   399 |   165 |       |       |       |       |       |       ||   736
       War axe           |       |       |   109 |       |    35 |       |       |       |       ||   144
       Executioner's axe |       |       |    44 |   909 |  1337 |    38 |       |       |       ||  2328
       Mace              |       |       |       |     2 |       |       |       |       |       ||     2
       Battleaxe         |       |       |       |       |       |  1235 |  1165 |  1877 |  2058 ||  6335
 Fire: Hand crossbow     |     8 |    27 |    80 |       |       |       |       |       |   200 ||   315
       Arbalest          |       |       |       |     8 |     6 |   315 |    45 |   166 |   167 ||   707
Invok: Major Destruction |       |       |       |       |       |       |     1 |       |     1 ||     2
       Greater Servant o |       |       |       |       |       |       |       |       |     2 ||     2
 Abil: Device Recharging |       |     2 |     4 |     1 |       |       |       |       |       ||     7
       Evoke Berserk Rag |       |       |       |       |       |     1 |       |       |       ||     1
       Evoke Blink       |       |       |       |       |       |       |       |     1 |       ||     1
Evoke: Wand              |     1 |     9 |    24 |    16 |     1 |     1 |     1 |     6 |    15 ||    74
  Use: Potion            |       |     1 |       |     1 |       |     1 |     1 |     1 |     2 ||     7
       Scroll            |       |       |    21 |     9 |    15 |    11 |     6 |    13 |    13 ||    88
 Stab: Sleeping          |     2 |       |       |       |       |       |       |       |       ||     2
       Invisible         |       |       |     2 |       |       |       |       |       |       ||     2
       Petrified         |       |       |       |       |     8 |     1 |       |       |       ||     9
       Petrifying        |       |       |       |       |     3 |     1 |       |       |       ||     4
       Distracted        |       |       |       |       |       |       |       |       |     1 ||     1
  Eat: Chunk             |     1 |     9 |     9 |    23 |    35 |    29 |    21 |    21 |    22 ||   170
       Pizza             |       |       |     1 |       |     1 |       |       |     1 |     3 ||     6
       Beef jerky        |       |       |     1 |       |       |       |       |     1 |       ||     2
       Meat ration       |       |       |       |       |     1 |       |       |       |       ||     1
       Fruit             |       |       |       |       |       |     5 |       |       |       ||     5
       Royal jelly       |       |       |       |       |       |     1 |       |     2 |       ||     3
       Bread ration      |       |       |       |       |       |       |     1 |     3 |     4 ||     8
